Nashville Predators vs Philadelphia Flyers
Created - Wednesday, February 21, 2024 at 07:46
Goals
|
| Nashville Predators |
1 |
1 |
0 |
2 |
| Philadelphia Flyers |
1 |
0 |
0 |
1 |
|
Shots
|
| Nashville Predators |
13 |
12 |
11 |
36 |
| Philadelphia Flyers |
10 |
9 |
5 |
24 |
|
1st period
1. Philadelphia Flyers , Radek Faksa 1 (Tyler Johnson 3, Max Pacioretty 4) at 12:20
2. Nashville Predators , Morgan Frost 6 (Sam Gagner 5) at 19:30
Penalties :
No Penalty
2nd period
3. Nashville Predators , Rasmus Kupari 1 (Zemgus Girgensons 1, Patrick Maroon 2) at 6:54
Penalties :
Kevin Labanc (NSH) for Tripping (Minor) at 10:13
3rd period
No Goal
Penalties :
Bryan Rust (PHI) for Tripping (Minor) at 1:56
Goalie Stats
Adin Hill (NSH), 23 saves from 24 shots - (0.958), W, 3-5-3, 60:00 minutes
Connor Ingram (PHI), 34 saves from 36 shots - (0.944), L, 5-4-2, 60:00 minutes
Players Stats for Nashville Predators
Player Name G A P +/- PIM S H SB GA TA FO MP PP MP PK MP
------------------------------------------------------------------------------------
Alex Newhook 0 0 0 0 0 2 0 0 1 1 0/0 12:10 0:55 0:59
Alexander Alexeyev 0 0 0 0 0 2 0 0 0 0 0/0 17:32 0:55 0:00
Corey Perry 0 0 0 0 0 1 1 0 1 1 0/1 10:11 0:00 0:00
Ethan Bear 0 0 0 1 0 2 3 0 1 0 0/0 22:09 0:55 1:05
Henri Jokiharju 0 0 0 1 0 1 0 0 0 1 0/0 22:31 1:04 1:05
Jacob Peterson 0 0 0 0 0 3 2 1 0 0 0/1 17:10 1:01 1:00
Jakub Voracek 0 0 0 0 0 1 1 0 0 0 0/0 16:10 1:01 0:00
Justin Braun 0 0 0 0 0 0 1 0 1 1 0/0 19:57 0:00 0:54
Kevin Labanc 0 0 0 1 2 3 1 0 1 0 0/0 15:35 0:03 0:00
Markus Niemelainen 0 0 0 0 0 0 1 0 0 1 0/0 16:37 0:00 0:00
Morgan Frost 1 0 1 1 0 5 1 0 2 1 10/19 17:38 0:55 0:00
Nate Schmidt 0 0 0 0 0 2 1 2 0 2 0/0 21:14 1:04 0:54
Patrick Maroon 0 1 1 0 0 2 1 0 0 0 0/0 13:57 0:03 0:00
Rasmus Kupari 1 0 1 0 0 6 4 1 1 0 3/8 16:13 0:00 0:59
Ryan Carpenter 0 0 0 0 0 1 0 0 0 0 2/3 12:26 0:00 1:00
Sam Gagner 0 1 1 1 0 2 1 0 1 1 0/0 16:23 0:55 0:00
Thomas Novak 0 0 0 0 0 0 1 1 0 0 6/14 16:06 1:00 0:00
Zemgus Girgensons 0 1 1 0 0 3 1 0 0 0 0/1 14:01 0:04 0:00
Players Stats for Philadelphia Flyers
Player Name G A P +/- PIM S H SB GA TA FO MP PP MP PK MP
------------------------------------------------------------------------------------
Auston Matthews 0 0 0 0 0 4 1 0 2 0 9/13 19:28 1:12 0:22
Ben Chiarot 0 0 0 -1 0 2 6 3 1 1 0/0 20:24 0:00 1:12
Bryan Rust 0 0 0 0 2 1 2 0 0 0 1/1 13:05 0:00 0:00
Elias Lindholm 0 0 0 -1 0 3 2 2 0 2 6/11 16:56 1:01 0:55
Erik Gustafsson 0 0 0 0 0 2 1 0 0 2 0/0 17:11 0:39 0:00
Jesper Fast 0 0 0 -1 0 1 0 0 1 0 0/0 15:13 0:00 0:42
Justin Faulk 0 0 0 -1 0 1 1 3 0 1 0/0 22:35 1:20 0:47
Marcus Johansson 0 0 0 1 0 0 3 1 0 0 0/0 18:03 0:44 1:04
Matt Duchene 0 0 0 -1 0 1 0 0 1 0 1/1 17:07 1:11 0:00
Matt Roy 0 0 0 0 0 0 0 2 1 0 0/0 20:53 0:39 1:12
Matthew Peca 0 0 0 -1 0 1 3 1 0 0 4/9 14:31 0:00 0:00
Max Pacioretty 0 1 1 0 0 0 0 0 2 0 0/0 3:57 0:00 0:00
Oliver Ekman-Larsson 0 0 0 0 0 1 4 2 0 0 0/0 22:25 1:20 0:47
Radek Faksa 1 0 1 1 0 2 2 1 0 0 4/10 13:51 0:00 0:55
Scott Harrington 0 0 0 0 0 0 0 1 0 1 0/0 16:32 0:00 0:00
Sonny Milano 0 0 0 -1 0 1 1 0 0 1 0/0 15:22 0:23 0:00
Tyler Johnson 0 1 1 1 0 2 2 0 0 1 1/2 15:59 0:38 0:00
Vladimir Tarasenko 0 0 0 -1 0 2 1 0 1 0 0/0 14:28 0:48 0:00
3 Stars
1 - Rasmus Kupari (NSH)
2 - Adin Hill (NSH)
3 - Connor Ingram (PHI)
Power Play
Nashville Predators - 0 on 1 Attempt(s) - 0.00%
Philadelphia Flyers - 0 on 1 Attempt(s) - 0.00%
Penalty Kill
Nashville Predators - 1 on 1 Attempt(s) - 100.00%
- Score 0 goal in Penalty Kill
Philadelphia Flyers - 1 on 1 Attempt(s) - 100.00%
- Score 0 goal in Penalty Kill
Team Stat
Nashville Predators - Hits : 20 - Faceoff Wins : 21 - Blocked Shots : 5 - Penalty Minutes : 2
Philadelphia Flyers - Hits : 29 - Faceoff Wins : 26 - Blocked Shots : 16 - Penalty Minutes : 2
Official
Referees : Garrett Rank and Francois StLaurent
Linesman : Shandor Alphonso and Devin Berg
Game Notes
Max Pacioretty is injured at 16:20 of 1st period (Left Knee)
Finance
Level 1 -- Attendance: 4704 (78.40%) -- Ticket Income $456,288
Level 2 -- Attendance: 4756 (95.12%) -- Ticket Income $271,092
Level 3 -- Attendance: 3000 (100.00%) -- Ticket Income $102,000
Level 4 -- Attendance: 5000 (100.00%) -- Ticket Income $115,000
Luxury Box -- Attendance: 1000 (100.00%) -- Ticket Income $195,000
Game was played at the Wells Fargo Center.
Total Attendance: 18460 (92.30%)
Total Ticket Income: $1,139,380
Other Income: $398,783
Total Income: $1,538,163
Nashville Predators
5 vs 5 Forward
Center Left Wing Right Wing Time % Phy DF OF
1 Thomas Novak Jacob Peterson Jakub Voracek 30 1 2 2
2 Morgan Frost Kevin Labanc Sam Gagner 30 1 2 2
3 Rasmus Kupari Patrick Maroon Zemgus Girgensons 25 1 2 2
4 Ryan Carpenter Alex Newhook Corey Perry 15 1 2 2
5 vs 5 Defense
Defense Defense Time % Phy DF OF
1 Henri Jokiharju Ethan Bear 35 1 2 2
2 Nate Schmidt Justin Braun 35 1 2 2
3 Alexander Alexeyev Markus Niemelainen 30 1 2 2
4 Henri Jokiharju Ethan Bear 0 1 2 2
PowerPlay Forward
Center Left Wing Right Wing Time % Phy DF OF
1 Thomas Novak Jacob Peterson Jakub Voracek 50 1 2 2
2 Morgan Frost Alex Newhook Sam Gagner 50 1 2 2
PowerPlay Defense
Defense Defense Time % Phy DF OF
1 Nate Schmidt Henri Jokiharju 50 1 2 2
2 Ethan Bear Alexander Alexeyev 50 1 2 2
Penalty Kill 4 Players Forward
Center Wing Time % Phy DF OF
1 Ryan Carpenter Jacob Peterson 50 1 2 2
2 Rasmus Kupari Alex Newhook 50 1 2 2
Penalty Kill 4 Players Defense
Defense Defense Time % Phy DF OF
1 Henri Jokiharju Ethan Bear 50 1 2 2
2 Nate Schmidt Justin Braun 50 1 2 2
Penalty Kill - 3 Players Forward
Forward Time % Phy DF OF
1 Ryan Carpenter 50 1 2 2
2 Rasmus Kupari 50 1 2 2
Penalty Kill - 3 Players Defense
Defense Defense Time % Phy DF OF
1 Henri Jokiharju Ethan Bear 50 1 2 2
2 Nate Schmidt Justin Braun 50 1 2 2
4 vs 4 Forward
Center Wing Time % Phy DF OF
1 Thomas Novak Jacob Peterson 50 1 2 2
2 Morgan Frost Sam Gagner 50 1 2 2
4 vs 4 Defense
Defense Defense Time % Phy DF OF
1 Henri Jokiharju Ethan Bear 50 1 2 2
2 Nate Schmidt Justin Braun 50 1 2 2
Last Minutes Offensive
Center Left Wing Right Wing Defense Defense
Thomas Novak Jacob Peterson Kevin Labanc Ethan Bear Henri Jokiharju
Last Minutes Defensive
Center Left Wing Right Wing Defense Defense
Morgan Frost Rasmus Kupari Ryan Carpenter Henri Jokiharju Ethan Bear
Goaltenders
Starting : Adin Hill
Backup : Kevin Lankinen
Extra Forwards
Normal : Thomas Novak, Sam Gagner, Morgan Frost - PP : Sam Gagner, Alex Newhook - PK : Morgan Frost
Extra Defensemen
Normal : Henri Jokiharju, Ethan Bear, Nate Schmidt - PP : Markus Niemelainen - PK : Alexander Alexeyev, Markus Niemelainen
Penalty Shots
Jacob Peterson, Jakub Voracek, Kevin Labanc, Morgan Frost, Thomas Novak
Philadelphia Flyers
5 vs 5 Forward
Center Left Wing Right Wing Time % Phy DF OF
1 Auston Matthews Matt Duchene Bryan Rust 25 0 2 3
2 Elias Lindholm Max Pacioretty Vladimir Tarasenko 25 0 2 3
3 Radek Faksa Marcus Johansson Tyler Johnson 25 0 2 3
4 Matthew Peca Jesper Fast Sonny Milano 25 0 2 3
5 vs 5 Defense
Defense Defense Time % Phy DF OF
1 Justin Faulk Ben Chiarot 35 1 2 2
2 Oliver Ekman-Larsson Matt Roy 35 1 2 2
3 Erik Gustafsson Scott Harrington 30 1 2 2
4 Justin Faulk Ben Chiarot 0 1 2 2
PowerPlay Forward
Center Left Wing Right Wing Time % Phy DF OF
1 Auston Matthews Max Pacioretty Matt Duchene 50 0 1 4
2 Elias Lindholm Marcus Johansson Vladimir Tarasenko 50 0 1 4
PowerPlay Defense
Defense Defense Time % Phy DF OF
1 Justin Faulk Oliver Ekman-Larsson 50 0 2 3
2 Erik Gustafsson Matt Roy 50 0 2 3
Penalty Kill 4 Players Forward
Center Wing Time % Phy DF OF
1 Radek Faksa Bryan Rust 50 0 4 1
2 Elias Lindholm Jesper Fast 50 0 4 1
Penalty Kill 4 Players Defense
Defense Defense Time % Phy DF OF
1 Ben Chiarot Matt Roy 50 0 5 0
2 Oliver Ekman-Larsson Justin Faulk 50 0 5 0
Penalty Kill - 3 Players Forward
Forward Time % Phy DF OF
1 Radek Faksa 50 0 5 0
2 Elias Lindholm 50 0 5 0
Penalty Kill - 3 Players Defense
Defense Defense Time % Phy DF OF
1 Ben Chiarot Matt Roy 50 0 5 0
2 Oliver Ekman-Larsson Justin Faulk 50 0 5 0
4 vs 4 Forward
Center Wing Time % Phy DF OF
1 Auston Matthews Matt Duchene 50 0 2 3
2 Elias Lindholm Max Pacioretty 50 0 2 3
4 vs 4 Defense
Defense Defense Time % Phy DF OF
1 Justin Faulk Ben Chiarot 50 1 2 2
2 Oliver Ekman-Larsson Matt Roy 50 1 2 2
Last Minutes Offensive
Center Left Wing Right Wing Defense Defense
Auston Matthews Elias Lindholm Matt Duchene Justin Faulk Oliver Ekman-Larsson
Last Minutes Defensive
Center Left Wing Right Wing Defense Defense
Elias Lindholm Radek Faksa Bryan Rust Ben Chiarot Matt Roy
Goaltenders
Starting : Connor Ingram
Backup : Jake Allen
Extra Forwards
Normal : Auston Matthews, Elias Lindholm, Matt Duchene - PP : Auston Matthews, Elias Lindholm - PK : Elias Lindholm
Extra Defensemen
Normal : Justin Faulk, Oliver Ekman-Larsson, Erik Gustafsson - PP : Justin Faulk - PK : Ben Chiarot, Matt Roy
Penalty Shots
Auston Matthews, Matt Duchene, Max Pacioretty, Elias Lindholm, Vladimir Tarasenko
% Time on Ice - Nashville Predators
Lines # - Real PCT - Wanted PCT - Time Play
Normal Forward
1 - 28% - 30% - 15:09
2 - 28% - 30% - 15:33
3 - 25% - 25% - 13:54
4 - 19% - 15% - 10:11
Normal Defense
1 - 36% - 35% - 19:27
2 - 35% - 35% - 19:03
3 - 30% - 30% - 16:17
4 - 0% - 0% - 0:00
PP Forward
1 - 51% - 50% - 1:01
2 - 49% - 50% - 0:58
PP Defense
1 - 54% - 50% - 1:04
2 - 46% - 50% - 0:55
PK Forward
1 - 50% - 50% - 1:00
2 - 50% - 50% - 0:59
PK Defense
1 - 55% - 50% - 1:05
2 - 45% - 50% - 0:54
PK3 Forward
1 - 0% - 50%
2 - 0% - 50%
PK3 Defense
1 - 0% - 50%
2 - 0% - 50%
44 Forward
1 - 0% - 50%
2 - 0% - 50%
44 Defense
1 - 0% - 50%
2 - 0% - 50%
Last Minute Offensive - 0:00
Last Minute Defensive - 1:15
Total
Forward - 60:00
Defense - 60:00
|
% Time on Ice - Philadelphia Flyers
Lines # - Real PCT - Wanted PCT - Time Play
Normal Forward
1 - 23% - 25% - 12:48
2 - 27% - 25% - 14:39
3 - 24% - 25% - 12:56
4 - 26% - 25% - 14:25
Normal Defense
1 - 35% - 35% - 19:09
2 - 35% - 35% - 19:00
3 - 30% - 30% - 16:32
4 - 0% - 0% - 0:07
PP Forward
1 - 79% - 50% - 1:34
2 - 21% - 50% - 0:25
PP Defense
1 - 67% - 50% - 1:20
2 - 33% - 50% - 0:39
PK Forward
1 - 65% - 50% - 1:17
2 - 35% - 50% - 0:42
PK Defense
1 - 61% - 50% - 1:12
2 - 39% - 50% - 0:47
PK3 Forward
1 - 0% - 50%
2 - 0% - 50%
PK3 Defense
1 - 0% - 50%
2 - 0% - 50%
44 Forward
1 - 0% - 50%
2 - 0% - 50%
44 Defense
1 - 0% - 50%
2 - 0% - 50%
Last Minute Offensive - 1:14
Last Minute Defensive - 0:00
Total
Forward - 60:00
Defense - 60:00
|
Play-by-Play
1st period
0:01 of 1st period - Auston Matthews wins face-off versus Thomas Novak in neutral zone.
0:04 of 1st period - Henri Jokiharju is hit by Bryan Rust and loses puck.
0:15 of 1st period - Snap shot by Auston Matthews.
0:15 of 1st period - Shot Blocked by Thomas Novak.
0:27 of 1st period - Henri Jokiharju is hit by Ben Chiarot and loses puck.
1:15 of 1st period - Wrist shot by Alex Newhook.
1:15 of 1st period - Stopped by Connor Ingram with a rebound.
1:17 of 1st period - Snap shot by Ryan Carpenter.
1:17 of 1st period - Shot Misses the Net.
1:19 of 1st period - Wrist shot by Corey Perry.
1:19 of 1st period - Shot Blocked by Matt Roy.
1:37 of 1st period - Slapshot by Jacob Peterson.
1:37 of 1st period - Shot Misses the Net.
1:39 of 1st period - Slapshot by Alexander Alexeyev.
1:39 of 1st period - Stopped by Connor Ingram without a rebound.
1:40 of 1st period - Elias Lindholm wins face-off versus Morgan Frost in Philadelphia Flyers zone.
2:05 of 1st period - Alexander Alexeyev is hit by Radek Faksa and loses puck.
2:18 of 1st period - Wrist shot by Tyler Johnson.
2:18 of 1st period - Shot Misses the Net.
2:28 of 1st period - Wrist shot by Jacob Peterson.
2:28 of 1st period - Stopped by Connor Ingram with a rebound.
2:55 of 1st period - Slapshot by Corey Perry.
2:55 of 1st period - Shot Misses the Net.
3:01 of 1st period - Snap shot by Auston Matthews.
3:01 of 1st period - Stopped by Adin Hill with a rebound.
4:04 of 1st period - Sonny Milano is hit by Jacob Peterson and loses puck.
4:22 of 1st period - Bryan Rust is hit by Ethan Bear and loses puck.
4:55 of 1st period - Markus Niemelainen is hit by Ben Chiarot and loses puck.
5:24 of 1st period - Nate Schmidt is hit by Matthew Peca and loses puck.
5:56 of 1st period - Justin Braun is hit by Ben Chiarot and loses puck.
6:09 of 1st period - Henri Jokiharju is hit by Ben Chiarot and loses puck.
6:16 of 1st period - Snap shot by Corey Perry.
6:16 of 1st period - Stopped by Connor Ingram with a rebound.
6:40 of 1st period - Icing by Max Pacioretty.
6:41 of 1st period - Elias Lindholm wins face-off versus Morgan Frost in Philadelphia Flyers zone.
6:41 of 1st period - Elias Lindholm is hit by Ethan Bear.
7:13 of 1st period - Vladimir Tarasenko is hit by Patrick Maroon.
7:27 of 1st period - Snap shot by Jesper Fast.
7:27 of 1st period - Stopped by Adin Hill without a rebound.
7:28 of 1st period - Matthew Peca wins face-off versus Morgan Frost in Nashville Predators zone.
8:47 of 1st period - Sam Gagner is hit by Justin Faulk and loses puck.
9:49 of 1st period - Snap shot by Marcus Johansson.
9:49 of 1st period - Shot Misses the Net.
10:07 of 1st period - Snap shot by Sam Gagner.
10:07 of 1st period - Shot Misses the Net.
10:09 of 1st period - Wrist shot by Kevin Labanc.
10:09 of 1st period - Shot Misses the Net.
10:11 of 1st period - Wrist shot by Alexander Alexeyev.
10:11 of 1st period - Stopped by Connor Ingram without a rebound.
10:12 of 1st period - Thomas Novak wins face-off versus Matthew Peca in Philadelphia Flyers zone.
10:13 of 1st period - Wrist shot by Jacob Peterson.
10:13 of 1st period - Stopped by Connor Ingram with a rebound.
11:38 of 1st period - Justin Braun is hit by Ben Chiarot and loses puck.
11:45 of 1st period - Bryan Rust is hit by Jacob Peterson and loses puck.
12:02 of 1st period - Snap shot by Kevin Labanc.
12:02 of 1st period - Shot Blocked by Justin Faulk.
12:18 of 1st period - Slapshot by Tyler Johnson.
12:18 of 1st period - Shot Blocked by Rasmus Kupari.
12:20 of 1st period - Snap shot by Radek Faksa.
12:20 of 1st period - Goal by Radek Faksa - Nashville Predators : 0 - Philadelphia Flyers : 1.
12:21 of 1st period - Auston Matthews wins face-off versus Thomas Novak in neutral zone.
12:38 of 1st period - Bryan Rust is hit by Jakub Voracek and loses puck.
13:01 of 1st period - Wrist shot by Sonny Milano.
13:01 of 1st period - Shot Misses the Net.
13:21 of 1st period - Patrick Maroon is hit by Tyler Johnson and loses puck.
13:34 of 1st period - Snap shot by Vladimir Tarasenko.
13:34 of 1st period - Stopped by Adin Hill with a rebound.
13:36 of 1st period - Wrist shot by Elias Lindholm.
13:36 of 1st period - Stopped by Adin Hill with a rebound.
13:38 of 1st period - Slapshot by Erik Gustafsson.
13:38 of 1st period - Stopped by Adin Hill without a rebound.
13:39 of 1st period - Thomas Novak wins face-off versus Auston Matthews in Nashville Predators zone.
13:48 of 1st period - Snap shot by Auston Matthews.
13:48 of 1st period - Shot Blocked by Jacob Peterson.
13:50 of 1st period - Slapshot by Bryan Rust.
13:50 of 1st period - Stopped by Adin Hill without a rebound.
13:51 of 1st period - Morgan Frost wins face-off versus Matthew Peca in Nashville Predators zone.
13:56 of 1st period - Snap shot by Sam Gagner.
13:56 of 1st period - Stopped by Connor Ingram with a rebound.
13:58 of 1st period - Snap shot by Kevin Labanc.
13:58 of 1st period - Stopped by Connor Ingram without a rebound.
13:59 of 1st period - Morgan Frost wins face-off versus Matthew Peca in Philadelphia Flyers zone.
14:06 of 1st period - Wrist shot by Sam Gagner.
14:06 of 1st period - Stopped by Connor Ingram without a rebound.
14:07 of 1st period - Rasmus Kupari wins face-off versus Radek Faksa in Philadelphia Flyers zone.
14:08 of 1st period - Snap shot by Patrick Maroon.
14:08 of 1st period - Stopped by Connor Ingram with a rebound.
14:21 of 1st period - Icing by Tyler Johnson.
14:22 of 1st period - Radek Faksa wins face-off versus Thomas Novak in Philadelphia Flyers zone.
14:22 of 1st period - Radek Faksa is hit by Justin Braun.
14:36 of 1st period - Thomas Novak is hit by Radek Faksa and loses puck.
14:55 of 1st period - Snap shot by Marcus Johansson.
14:55 of 1st period - Shot Misses the Net.
14:57 of 1st period - Wrist shot by Radek Faksa.
14:57 of 1st period - Stopped by Adin Hill without a rebound.
14:58 of 1st period - Elias Lindholm wins face-off versus Zemgus Girgensons in Nashville Predators zone.
15:23 of 1st period - Matt Duchene is hit by Morgan Frost and loses puck.
15:30 of 1st period - Slapshot by Ben Chiarot.
15:30 of 1st period - Stopped by Adin Hill with a rebound.
16:19 of 1st period - Max Pacioretty is hit by Rasmus Kupari and loses puck.
16:20 of 1st period - Max Pacioretty from Philadelphia Flyers is injured at 16:20 of 1st period (Left Knee).
16:21 of 1st period - Auston Matthews wins face-off versus Morgan Frost in Philadelphia Flyers zone.
16:58 of 1st period - Wrist shot by Jakub Voracek.
16:58 of 1st period - Stopped by Connor Ingram with a rebound.
17:34 of 1st period - Snap shot by Alex Newhook.
17:34 of 1st period - Shot Blocked by Radek Faksa.
18:29 of 1st period - Wrist shot by Elias Lindholm.
18:29 of 1st period - Shot Misses the Net.
18:56 of 1st period - Slapshot by Nate Schmidt.
18:56 of 1st period - Stopped by Connor Ingram with a rebound.
19:18 of 1st period - Wrist shot by Matt Duchene.
19:18 of 1st period - Stopped by Adin Hill without a rebound.
19:19 of 1st period - Morgan Frost wins face-off versus Elias Lindholm in Nashville Predators zone.
19:30 of 1st period - Wrist shot by Morgan Frost.
19:30 of 1st period - Goal by Morgan Frost - Nashville Predators : 1 - Philadelphia Flyers : 1.
19:31 of 1st period - Auston Matthews wins face-off versus Thomas Novak in neutral zone.
Goals for this period are 1 for Nashville Predators vs 1 for Philadelphia Flyers.
Shots for this period are 13 for Nashville Predators vs 10 for Philadelphia Flyers.
2nd period
0:01 of 2nd period - Auston Matthews wins face-off versus Rasmus Kupari in neutral zone.
0:03 of 2nd period - Off-side.
0:04 of 2nd period - Auston Matthews wins face-off versus Rasmus Kupari in neutral zone.
0:07 of 2nd period - Snap shot by Auston Matthews.
0:07 of 2nd period - Stopped by Adin Hill with a rebound.
1:19 of 2nd period - Snap shot by Tyler Johnson.
1:19 of 2nd period - Shot Misses the Net.
1:31 of 2nd period - Oliver Ekman-Larsson is hit by Rasmus Kupari and loses puck.
1:59 of 2nd period - Alexander Alexeyev is hit by Elias Lindholm and loses puck.
2:18 of 2nd period - Marcus Johansson is hit by Markus Niemelainen and loses puck.
2:51 of 2nd period - Auston Matthews is hit by Rasmus Kupari and loses puck.
3:00 of 2nd period - Snap shot by Rasmus Kupari.
3:00 of 2nd period - Stopped by Connor Ingram with a rebound.
3:02 of 2nd period - Wrist shot by Patrick Maroon.
3:02 of 2nd period - Shot Misses the Net.
3:35 of 2nd period - Jakub Voracek is hit by Oliver Ekman-Larsson and loses puck.
3:58 of 2nd period - Slapshot by Auston Matthews.
3:58 of 2nd period - Shot Misses the Net.
4:20 of 2nd period - Snap shot by Zemgus Girgensons.
4:20 of 2nd period - Stopped by Connor Ingram with a rebound.
4:31 of 2nd period - Off-side.
4:32 of 2nd period - Morgan Frost wins face-off versus Radek Faksa in neutral zone.
5:29 of 2nd period - Snap shot by Alex Newhook.
5:29 of 2nd period - Stopped by Connor Ingram with a rebound.
5:31 of 2nd period - Slapshot by Henri Jokiharju.
5:31 of 2nd period - Stopped by Connor Ingram without a rebound.
5:32 of 2nd period - Ryan Carpenter wins face-off versus Matthew Peca in Philadelphia Flyers zone.
5:43 of 2nd period - Wrist shot by Corey Perry.
5:43 of 2nd period - Shot Blocked by Matthew Peca.
5:45 of 2nd period - Snap shot by Corey Perry.
5:45 of 2nd period - Shot Blocked by Ben Chiarot.
5:47 of 2nd period - Snap shot by Ryan Carpenter.
5:47 of 2nd period - Stopped by Connor Ingram without a rebound.
5:48 of 2nd period - Auston Matthews wins face-off versus Thomas Novak in Philadelphia Flyers zone.
6:01 of 2nd period - Slapshot by Matt Duchene.
6:01 of 2nd period - Deflect By Bryan Rust.
6:01 of 2nd period - Shot Misses the Net.
6:01 of 2nd period - Puck is out of play.
6:02 of 2nd period - Morgan Frost wins face-off versus Elias Lindholm in Nashville Predators zone.
6:19 of 2nd period - Wrist shot by Vladimir Tarasenko.
6:19 of 2nd period - Stopped by Adin Hill with a rebound.
6:52 of 2nd period - Slapshot by Zemgus Girgensons.
6:52 of 2nd period - Stopped by Connor Ingram with a rebound.
6:54 of 2nd period - Slapshot by Rasmus Kupari.
6:54 of 2nd period - Goal by Rasmus Kupari - Nashville Predators : 2 - Philadelphia Flyers : 1.
6:55 of 2nd period - Morgan Frost wins face-off versus Auston Matthews in neutral zone.
7:21 of 2nd period - Markus Niemelainen is hit by Oliver Ekman-Larsson and loses puck.
8:31 of 2nd period - Snap shot by Sonny Milano.
8:31 of 2nd period - Stopped by Adin Hill with a rebound.
8:33 of 2nd period - Wrist shot by Matthew Peca.
8:33 of 2nd period - Stopped by Adin Hill with a rebound.
8:35 of 2nd period - Slapshot by Erik Gustafsson.
8:35 of 2nd period - Stopped by Adin Hill with a rebound.
9:15 of 2nd period - Slapshot by Henri Jokiharju.
9:15 of 2nd period - Shot Misses the Net.
9:17 of 2nd period - Snap shot by Patrick Maroon.
9:17 of 2nd period - Shot Misses the Net.
9:19 of 2nd period - Slapshot by Zemgus Girgensons.
9:19 of 2nd period - Deflect By Patrick Maroon.
9:19 of 2nd period - Stopped by Connor Ingram with a rebound.
9:29 of 2nd period - Matt Roy is hit by Ethan Bear.
9:53 of 2nd period - Slapshot by Tyler Johnson.
9:53 of 2nd period - Stopped by Adin Hill without a rebound.
9:54 of 2nd period - Elias Lindholm wins face-off versus Jacob Peterson in Nashville Predators zone.
10:04 of 2nd period - Snap shot by Ben Chiarot.
10:04 of 2nd period - Shot Misses the Net.
10:06 of 2nd period - Slapshot by Ben Chiarot.
10:06 of 2nd period - Stopped by Adin Hill without a rebound.
10:07 of 2nd period - Radek Faksa wins face-off versus Morgan Frost in Nashville Predators zone.
10:13 of 2nd period - Minor Penalty to Kevin Labanc for Tripping.
10:14 of 2nd period - Matt Duchene wins face-off versus Ryan Carpenter in Nashville Predators zone.
10:20 of 2nd period - Wrist shot by Auston Matthews.
10:20 of 2nd period - Shot Misses the Net.
10:34 of 2nd period - Henri Jokiharju is hit by Elias Lindholm and loses puck.
11:02 of 2nd period - Slapshot by Justin Faulk.
11:02 of 2nd period - Stopped by Adin Hill without a rebound.
11:03 of 2nd period - Elias Lindholm wins face-off versus Rasmus Kupari in Nashville Predators zone.
12:13 of 2nd period - Penalty to Kevin Labanc is over, Kevin Labanc is back on ice.
13:03 of 2nd period - Ben Chiarot is hit by Corey Perry and loses puck.
13:16 of 2nd period - Markus Niemelainen is hit by Matthew Peca and loses puck.
14:22 of 2nd period - Erik Gustafsson is hit by Zemgus Girgensons and loses puck.
15:16 of 2nd period - Thomas Novak is hit by Sonny Milano and loses puck.
15:43 of 2nd period - Wrist shot by Rasmus Kupari.
15:43 of 2nd period - Stopped by Connor Ingram without a rebound.
15:44 of 2nd period - Rasmus Kupari wins face-off versus Elias Lindholm in Philadelphia Flyers zone.
16:11 of 2nd period - Snap shot by Rasmus Kupari.
16:11 of 2nd period - Stopped by Connor Ingram with a rebound.
16:13 of 2nd period - Slapshot by Patrick Maroon.
16:13 of 2nd period - Deflect By Rasmus Kupari.
16:13 of 2nd period - Shot Misses the Net.
16:13 of 2nd period - Puck is out of play.
16:14 of 2nd period - Thomas Novak wins face-off versus Radek Faksa in Philadelphia Flyers zone.
16:25 of 2nd period - Snap shot by Jacob Peterson.
16:25 of 2nd period - Shot Misses the Net.
16:27 of 2nd period - Slapshot by Jakub Voracek.
16:27 of 2nd period - Shot Misses the Net.
17:01 of 2nd period - Ryan Carpenter is hit by Erik Gustafsson and loses puck.
17:22 of 2nd period - Backhand shot by Vladimir Tarasenko.
17:22 of 2nd period - Deflect By Elias Lindholm.
17:22 of 2nd period - Stopped by Adin Hill without a rebound.
17:23 of 2nd period - Rasmus Kupari wins face-off versus Elias Lindholm in Nashville Predators zone.
18:01 of 2nd period - Slapshot by Rasmus Kupari.
18:01 of 2nd period - Stopped by Connor Ingram with a rebound.
18:03 of 2nd period - Wrist shot by Patrick Maroon.
18:03 of 2nd period - Shot Blocked by Ben Chiarot.
18:05 of 2nd period - Wrist shot by Zemgus Girgensons.
18:05 of 2nd period - Stopped by Connor Ingram without a rebound.
18:06 of 2nd period - Thomas Novak wins face-off versus Radek Faksa in Philadelphia Flyers zone.
18:32 of 2nd period - Sam Gagner is hit by Oliver Ekman-Larsson and loses puck.
19:05 of 2nd period - Wrist shot by Corey Perry.
19:05 of 2nd period - Shot Misses the Net.
Goals for this period are 1 for Nashville Predators vs 0 for Philadelphia Flyers.
Shots for this period are 12 for Nashville Predators vs 9 for Philadelphia Flyers.
3rd period
0:01 of 3rd period - Auston Matthews wins face-off versus Morgan Frost in neutral zone.
0:25 of 3rd period - Thomas Novak is hit by Tyler Johnson.
1:07 of 3rd period - Wrist shot by Jesper Fast.
1:07 of 3rd period - Shot Misses the Net.
1:09 of 3rd period - Slapshot by Erik Gustafsson.
1:09 of 3rd period - Shot Misses the Net.
1:11 of 3rd period - Wrist shot by Sonny Milano.
1:11 of 3rd period - Shot Blocked by Nate Schmidt.
1:13 of 3rd period - Snap shot by Sonny Milano.
1:13 of 3rd period - Shot Hit the Post.
1:29 of 3rd period - Slapshot by Elias Lindholm.
1:29 of 3rd period - Stopped by Adin Hill without a rebound.
1:30 of 3rd period - Radek Faksa wins face-off versus Morgan Frost in Nashville Predators zone.
1:33 of 3rd period - Snap shot by Tyler Johnson.
1:33 of 3rd period - Stopped by Adin Hill with a rebound.
1:36 of 3rd period - Icing by Henri Jokiharju.
1:37 of 3rd period - Morgan Frost wins face-off versus Radek Faksa in Nashville Predators zone.
1:37 of 3rd period - Morgan Frost is hit by Marcus Johansson.
1:43 of 3rd period - Snap shot by Sam Gagner.
1:43 of 3rd period - Shot Blocked by Marcus Johansson.
1:45 of 3rd period - Snap shot by Morgan Frost.
1:45 of 3rd period - Stopped by Connor Ingram with a rebound.
1:47 of 3rd period - Slapshot by Kevin Labanc.
1:47 of 3rd period - Stopped by Connor Ingram with a rebound.
1:49 of 3rd period - Slapshot by Morgan Frost.
1:49 of 3rd period - Stopped by Connor Ingram with a rebound.
1:53 of 3rd period - Wrist shot by Kevin Labanc.
1:53 of 3rd period - Stopped by Connor Ingram without a rebound.
1:54 of 3rd period - Auston Matthews wins face-off versus Thomas Novak in Philadelphia Flyers zone.
1:56 of 3rd period - Minor Penalty to Bryan Rust for Tripping.
1:57 of 3rd period - Radek Faksa wins face-off versus Thomas Novak in Philadelphia Flyers zone.
2:24 of 3rd period - Radek Faksa is hit by Sam Gagner.
3:56 of 3rd period - Penalty to Bryan Rust is over, Bryan Rust is back on ice.
4:07 of 3rd period - Scott Harrington is hit by Rasmus Kupari and loses puck.
4:22 of 3rd period - Corey Perry is hit by Bryan Rust and loses puck.
4:43 of 3rd period - Nate Schmidt is hit by Vladimir Tarasenko and loses puck.
5:31 of 3rd period - Icing by Henri Jokiharju.
5:32 of 3rd period - Matthew Peca wins face-off versus Corey Perry in Nashville Predators zone.
5:33 of 3rd period - Snap shot by Sonny Milano.
5:33 of 3rd period - Deflect By Matthew Peca.
5:33 of 3rd period - Shot Misses the Net.
5:33 of 3rd period - Puck is out of play.
5:34 of 3rd period - Ryan Carpenter wins face-off versus Matthew Peca in Nashville Predators zone.
5:34 of 3rd period - Ryan Carpenter is hit by Matthew Peca.
6:17 of 3rd period - Patrick Maroon is hit by Marcus Johansson and loses puck.
7:25 of 3rd period - Snap shot by Radek Faksa.
7:25 of 3rd period - Shot Misses the Net.
7:37 of 3rd period - Slapshot by Rasmus Kupari.
7:37 of 3rd period - Shot Misses the Net.
7:39 of 3rd period - Snap shot by Justin Braun.
7:39 of 3rd period - Deflect By Rasmus Kupari.
7:39 of 3rd period - Shot Blocked by Ben Chiarot.
7:39 of 3rd period - Puck is out of play.
7:40 of 3rd period - Matthew Peca wins face-off versus Rasmus Kupari in Philadelphia Flyers zone.
8:06 of 3rd period - Marcus Johansson is hit by Thomas Novak and loses puck.
8:40 of 3rd period - Henri Jokiharju is hit by Ben Chiarot and loses puck.
9:24 of 3rd period - Slapshot by Oliver Ekman-Larsson.
9:24 of 3rd period - Shot Blocked by Nate Schmidt.
9:26 of 3rd period - Snap shot by Sonny Milano.
9:26 of 3rd period - Shot Misses the Net.
9:28 of 3rd period - Snap shot by Oliver Ekman-Larsson.
9:28 of 3rd period - Stopped by Adin Hill without a rebound.
9:29 of 3rd period - Bryan Rust wins face-off versus Thomas Novak in Nashville Predators zone.
10:13 of 3rd period - Wrist shot by Jacob Peterson.
10:13 of 3rd period - Shot Misses the Net.
10:15 of 3rd period - Backhand shot by Nate Schmidt.
10:15 of 3rd period - Stopped by Connor Ingram with a rebound.
10:27 of 3rd period - Snap shot by Jakub Voracek.
10:27 of 3rd period - Shot Misses the Net.
10:29 of 3rd period - Snap shot by Jacob Peterson.
10:29 of 3rd period - Stopped by Connor Ingram without a rebound.
10:30 of 3rd period - Morgan Frost wins face-off versus Auston Matthews in Philadelphia Flyers zone.
10:35 of 3rd period - Wrist shot by Morgan Frost.
10:35 of 3rd period - Shot Blocked by Matt Roy.
10:37 of 3rd period - Snap shot by Kevin Labanc.
10:37 of 3rd period - Shot Misses the Net.
11:02 of 3rd period - Wrist shot by Zemgus Girgensons.
11:02 of 3rd period - Deflect By Rasmus Kupari.
11:02 of 3rd period - Shot Misses the Net.
11:02 of 3rd period - Puck is out of play.
11:03 of 3rd period - Elias Lindholm wins face-off versus Morgan Frost in Philadelphia Flyers zone.
11:12 of 3rd period - Sam Gagner is hit by Auston Matthews and loses puck.
11:19 of 3rd period - Slapshot by Auston Matthews.
11:19 of 3rd period - Stopped by Adin Hill with a rebound.
12:37 of 3rd period - Wrist shot by Morgan Frost.
12:37 of 3rd period - Stopped by Connor Ingram without a rebound.
12:38 of 3rd period - Morgan Frost wins face-off versus Elias Lindholm in Philadelphia Flyers zone.
12:47 of 3rd period - Snap shot by Kevin Labanc.
12:47 of 3rd period - Deflect By Morgan Frost.
12:47 of 3rd period - Shot Blocked by Scott Harrington.
12:47 of 3rd period - Puck is out of play.
12:48 of 3rd period - Thomas Novak wins face-off versus Auston Matthews in Philadelphia Flyers zone.
13:01 of 3rd period - Slapshot by Auston Matthews.
13:01 of 3rd period - Stopped by Adin Hill with a rebound.
13:44 of 3rd period - Alexander Alexeyev is hit by Oliver Ekman-Larsson and loses puck.
15:00 of 3rd period - Backhand shot by Erik Gustafsson.
15:00 of 3rd period - Shot Hit the Post.
15:02 of 3rd period - Slapshot by Scott Harrington.
15:02 of 3rd period - Deflect By Matthew Peca.
15:02 of 3rd period - Deflect By Ethan Bear.
15:02 of 3rd period - Shot Misses the Net.
15:02 of 3rd period - Puck is out of play.
15:03 of 3rd period - Matthew Peca wins face-off versus Rasmus Kupari in Nashville Predators zone.
16:06 of 3rd period - Snap shot by Rasmus Kupari.
16:06 of 3rd period - Stopped by Connor Ingram without a rebound.
16:07 of 3rd period - Thomas Novak wins face-off versus Radek Faksa in Philadelphia Flyers zone.
16:32 of 3rd period - Matt Duchene is hit by Kevin Labanc.
16:53 of 3rd period - Corey Perry is hit by Marcus Johansson.
17:03 of 3rd period - Snap shot by Corey Perry.
17:03 of 3rd period - Shot Blocked by Elias Lindholm.
17:26 of 3rd period - Matt Duchene is hit by Nate Schmidt and loses puck.
18:09 of 3rd period - Wrist shot by Alex Newhook.
18:09 of 3rd period - Shot Blocked by Justin Faulk.
18:58 of 3rd period - Wrist shot by Morgan Frost.
18:58 of 3rd period - Stopped by Connor Ingram with a rebound.
19:00 of 3rd period - Snap shot by Morgan Frost.
19:00 of 3rd period - Shot Hit the Post.
19:02 of 3rd period - Slapshot by Markus Niemelainen.
19:02 of 3rd period - Shot Blocked by Elias Lindholm.
19:04 of 3rd period - Wrist shot by Ryan Carpenter.
19:04 of 3rd period - Deflect By Rasmus Kupari.
19:04 of 3rd period - Shot Misses the Net.
19:04 of 3rd period - Puck is out of play.
19:05 of 3rd period - Phil Housley call a timeout for Philadelphia Flyers.
19:05 of 3rd period - Tyler Johnson wins face-off versus Morgan Frost in Philadelphia Flyers zone.
19:19 of 3rd period - Wrist shot by Rasmus Kupari.
19:19 of 3rd period - Shot Blocked by Oliver Ekman-Larsson.
19:39 of 3rd period - Snap shot by Ryan Carpenter.
19:39 of 3rd period - Shot Blocked by Oliver Ekman-Larsson.
19:41 of 3rd period - Wrist shot by Ethan Bear.
19:41 of 3rd period - Stopped by Connor Ingram without a rebound.
19:42 of 3rd period - Morgan Frost wins face-off versus Tyler Johnson in Philadelphia Flyers zone.
19:53 of 3rd period - Slapshot by Morgan Frost.
19:53 of 3rd period - Shot Misses the Net.
19:55 of 3rd period - Wrist shot by Morgan Frost.
19:55 of 3rd period - Shot Blocked by Justin Faulk.
19:57 of 3rd period - Snap shot by Ethan Bear.
19:57 of 3rd period - Stopped by Connor Ingram with a rebound.
Goals for this period are 0 for Nashville Predators vs 0 for Philadelphia Flyers.
Shots for this period are 11 for Nashville Predators vs 5 for Philadelphia Flyers.
Back to the Top